 Dungeon Crawl Stone Soup version 0.30.0-17-ge0270778cf (webtiles) character file.

Game seed: 7348293989222388729

2818 FexLirch the Thaumaturge (level 10, 0/60 HPs)
             Began as a Djinni Venom Mage on May 21, 2023.
             Was an Initiate of Ashenzari.
             Shot with an arrow by a centaur (11 damage)
             ... on level 8 of the Dungeon.
             The game lasted 00:26:52 (6996 turns).

FexLirch the Thaumaturge (Djinni Venom Mage)        Turns: 6996, Time: 00:26:52

Health: 0/60       AC:  6    Str:  7    XL:     10   Next: 3%
Gold:   221        EV: 12    Int: 20    God:    Ashenzari [......] SH:  0 Dex: 15

rFire   + + .        h - staff of conjuration
rCold   x . .        (no shield)
rNeg    . . .        a - +0 robe
rPois   ∞            D - +0 helmet
rElec   .            (no cloak)
rCorr   .            k - +2 pair of gloves "Thunder Perfect Mind" {Cun, Self} (curse)
SInv    .            (boots unavailable)
Will    +....        (no amulet)
Stlth   ++           (no ring)
HPRegen 0.30/turn    (no ring)
MPRegen 0.00/turn

%: infuse magic (-1 HP)
@: radiating poison, flying
A: sickness immunity, fire resistance 2, cold vulnerability 1, float, innate
caster, HP casting, extra vitality 1
a: Renounce Religion, Curse Item, Shatter the Chains


You were on level 8 of the Dungeon.
You worshipped Ashenzari.
Ashenzari was noncommittal.
You visited 2 branches of the dungeon, and saw 9 of its levels.

You collected 318 gold pieces.
You spent 97 gold pieces at shops.

Inventory:

Hand Weapons
 c - a +2 shortbow of freezing
 j - a +1 antimagic dagger
 u - a +1 dagger of electrocution
Missiles
 d - 75 stones
 o - 12 boomerangs
 q - 16 poisoned darts
Armour
 a - a +0 robe (worn)
 k - the cursed +2 pair of gloves "Thunder Perfect Mind" (worn) {Cun, Self}
   (You found it on level 1 of the Dungeon)

   It has a curse which improves the following skills: Cunning: Dodging and
   Stealth.
   Introspection: Fighting and Spellcasting.
 D - a +0 helmet (worn)
Magical Staves
 h - a staff of conjuration (weapon)
 F - a staff of poison
Jewellery
 r - an amulet of faith
Wands
 z - a wand of charming (14)
Scrolls
 b - 5 scrolls of torment
 i - a scroll of fear
 m - 2 scrolls of enchant armour
 n - a scroll of magic mapping
 p - 3 scrolls of enchant weapon {unknown}
 t - a scroll of summoning {unknown}
 v - a scroll of fog {unknown}
 w - a scroll of blinking
 y - 2 scrolls of immolation {unknown}
 A - a scroll of amnesia
 E - a scroll of silence {unknown}
Potions
 e - a potion of lignification {unknown}
 f - a potion of mutation {unknown}
 g - 3 potions of curing
 l - 3 potions of degeneration {unknown}
 s - 2 potions of flight {unknown}
 x - 2 potions of might
 B - 2 potions of attraction
 G - a potion of invisibility {unknown}


   Skills:
 - Level 2.1(2.5) Dodging
 - Level 1.5(1.9) Stealth
 + Level 10.4(10.8) Spellcasting


You knew the following spells:

 Your Spells              Type           Power      Damage    Failure   Level
a - Sting                 Tmut/Pois      100%       1d8       1%          1
b - Poisonous Vapours     Pois/Air       100%       N/A       1%          2
c - Mephitic Cloud        Conj/Pois/Air  69%        N/A       1%          3
d - Olgreb's Toxic Radia  Pois           52%        N/A       1%          4
e - Shock                 Conj/Air       100%       1d9       1%          1
f - Searing Ray           Conj           100%       2d8       1%          2
g - Vampiric Draining     Necr           52%        2d9       1%          3
h - Cause Fear            Hex            26%        N/A       1%          4
Your spell library was empty.

Dungeon Overview and Level Annotations

Branches:
Dungeon (8/15)             Temple (1/1) D:5
   Lair: D:8-11

Altars:
Ashenzari
Dithmenos
Elyvilon
Fedhas
Gozag
Makhleb
Nemelex Xobeh
Okawaru
Qazlal
Ru
Uskayaw
Wu Jian
Xom
Yredelemnul
Zin
The Shining One

Shops:
D:1 ?   D:2 ?   D:4 *

Annotations:
D:5 1 runed translucent door, Fodor's ghost, amateur MiFi
D:8 Maurice


Innate Abilities, Weirdness & Mutations

You are immune to sickness and miasma.
You are immune to poison.
Your flesh is very heat resistant. (rF++)
You are vulnerable to cold. (rC-)
You float through the air rather than walking.
You learn spells naturally, not from books.
Your magical power is your life essence.
You have superior vitality. (+4 MHP)


Message History

Confirm with . or Enter, or press ? or * to list all spells.
Aiming: Searing Ray (safe; 1% risk of failure)
Press: ? - help, Shift-Dir - straight line, f - hornet
Aim: a hornet (severely wounded, 74% to hit)
You feel a surge of power!
The searing ray hits the hornet!
You kill the hornet! (Press . to maintain the ray.)
The centaur shouts!
* * * LOW HITPOINT WARNING * * *
You have reached level 10!
An orc comes into view.
It is wielding a +2 flail of holy wrath.
The orc shouts!
The orc unwields a +2 flail of holy wrath.
It stops glowing.
The orc wields a +0 sling.
The orc shoots a sling bullet.
The sling bullet closely misses you.
Casting: Searing Ray (safe; 1% risk of failure)
Confirm with . or Enter, or press ? or * to list all spells.
You begin to radiate toxic energy.
The orc is poisoned.
The centaur is poisoned.
* * * LOW HITPOINT WARNING * * *
The centaur looks even sicker.
The centaur wields a +0 shortbow.
The centaur shoots an arrow.
The arrow hits you.
* * * LOW HITPOINT WARNING * * *
The orc shoots a sling bullet.
The sling bullet hits you.
* * * LOW HITPOINT WARNING * * *
Okay, then.
Unknown command.
Casting: Olgreb's Toxic Radiance (dangerous; 1% risk of failure)
Confirm with . or Enter, or press ? or * to list all spells.
Okay, then.
Unknown command.
As you read the scroll of fear, it crumbles to dust.
You assume a fearsome visage.
The orc looks frightened! x2
The centaur looks frightened!
Your attack snaps the orc out of its fear.
The orc is poisoned.
Your attack snaps the orc out of its fear.
Your attack snaps the centaur out of its fear.
The centaur shoots an arrow.
The arrow hits you!
You die...

############
#..........#
#..........#
#..........# .
#..........# ..
#........).##...
#..........o... #
#..........####
..
#######@..#...#
..
######c#.#.#...
..
........o..).....
.
#####.#####c.....
.. ... #..... ..
..# ..... .. #..
.... ..## #. ...
.[.# # )..


You could see a centaur (very poisoned) and 2 orcs.

Vanquished Creatures
  A hornet (D:8)
  Prince Ribbit (D:6)
  A steam dragon (D:7)
  2 water moccasins (D:6)
  An ice beast (D:6)
  An orc warrior (D:7)
  2 ogres (D:6)
  2 phantoms
  3 bullfrogs
  2 scorpions
  5 wights (D:7)
  A killer bee (D:7)
  A howler monkey (D:4)
  5 hounds
  2 jellies
  5 orc priests
  5 iguanas
  8 orc wizards
  6 gnolls
  4 adders
  3 shadow imps
  A white imp (D:5)
  2 worms
  5 dart slugs
  14 orcs
  9 ball pythons
  5 endoplasms
  7 giant cockroaches
  5 goblins
  6 hobgoblins
  6 jackals (D:2)
  6 quokkas
  5 bats
  4 frilled lizards
  8 kobolds
  8 rats
152 creatures vanquished.

Notes
Turn   | Place    | Note
-------+----------+-------------------------------------------
     0 | D:1      | FexLirch the Djinni Venom Mage began the quest for the Orb.
     0 | D:1      | FexLirch set off with the following spells memorised:
                  | Sting, Poisonous Vapours, Mephitic Cloud, Olgreb's Toxic
                  | Radiance.
     0 | D:1      | Reached XP level 1. HP: 15/15 MP: 0/0
    67 | D:1      | Found Vubbysch's Magic Scroll Boutique.
    74 | D:1      | Reached XP level 2. HP: 15/21 MP: 0/0
   127 | D:1      | Reached skill level 3 in Spellcasting
   182 | D:1      | Reached XP level 3. HP: 22/25 MP: 0/0
   182 | D:1      | Learned a level 1 spell: Shock
   603 | D:1      | Reached XP level 4. HP: 27/31 MP: 0/0
   923 | D:2      | Found Otidep's Magic Scroll Boutique.
  1309 | D:2      | Reached skill level 4 in Spellcasting
  1850 | D:3      | Reached XP level 5. HP: 34/35 MP: 0/0
  1850 | D:3      | Learned a level 2 spell: Searing Ray
  1981 | D:3      | Found a shadowy altar of Dithmenos.
  2114 | D:3      | Noticed a phantom
  2193 | D:3      | Found a faded altar of an unknown god.
  2696 | D:3      | Killed a phantom
  2697 | D:3      | Reached XP level 6. HP: 34/40 MP: 0/0
  2738 | D:3      | Reached skill level 5 in Spellcasting
  2960 | D:4      | Found Tiun's General Store.
  3143 | D:1      | Bought a scroll of blinking for 97 gold pieces
  3403 | D:4      | Found an ornate altar of the Wu Jian Council.
  3410 | D:4      | Found a glowing golden altar of the Shining One.
  3683 | D:4      | Found a white marble altar of Elyvilon.
  3735 | D:4      | Reached XP level 7. HP: 31/45 MP: 0/0
  3735 | D:4      | Learned a level 3 spell: Vampiric Draining
  3954 | D:4      | Reached skill level 6 in Spellcasting
  4232 | D:5      | Entered Level 5 of the Dungeon
  4282 | D:5      | Found a runed translucent door.
  4282 | D:5      | Noticed Fodor's ghost (amateur MiFi)
  4617 | D:5      | Found a hide-covered altar of Uskayaw.
  4617 | D:5      | Found a sacrificial altar of Ru.
  4817 | D:5      | Found a staircase to the Ecumenical Temple.
  4850 | D:6      | Noticed Prince Ribbit
  4922 | D:6      | Reached XP level 8. HP: 45/50 MP: 0/0
  4945 | D:6      | Killed Prince Ribbit
  4946 | D:6      | Reached skill level 7 in Spellcasting
  5115 | Temple   | Entered the Ecumenical Temple
  5176 | Temple   | Became a worshipper of Ashenzari the Shackled
  5252 | D:6      | Reached skill level 8 in Spellcasting
  5367 | D:6      | Reached XP level 9. HP: 30/55 MP: 0/0
  5367 | D:6      | Learned a level 4 spell: Cause Fear
  5642 | D:7      | Reached skill level 9 in Spellcasting
  5788 | D:7      | Found an opulent altar of Gozag.
  6540 | D:7      | Reached skill level 10 in Spellcasting
  6636 | D:7      | Found a shimmering altar of Xom.
  6817 | D:8      | Noticed Maurice
  6982 | D:8      | Noticed a hornet
  6992 | D:8      | Killed a hornet
  6993 | D:8      | Reached XP level 10. HP: 17/60 MP: 0/0
  6996 | D:8      | Shot with an arrow by a centaur

Illustrated notes

Levels and vault maps discovered:
D:1:      scummos_arrival_star, layout_basic, serial_shops, shop,
          minmay_surrounded
D:2:      layout_basic, serial_shops, shop_fountains, st_stairs_5,
          cheibrodos_gnoll_hut
D:3:      kb_forest_paths, layout_basic, grunt_dithmenos_smoke_and_mirrors,
          ebering_ecumenical_altar_box
D:4:      layout_loops_corners, mainiacjoe_overflow_tiny_flanked,
          mainiacjoe_overflow_boulevard, mainiacjoe_overflow_big_doors,
          serial_shops, nicolae_shop_back_alley_shop
D:5:      layout_cave_pools, gammafunk_temple_overflow_statue,
          minmay_temple_entry_enclosed_plants, gammafunk_ghost_grave
D:6:      layout_rooms, uniq_prince_ribbit1
D:7:      layout_gridville, nicolae_gozag_cash_rules_everything_around_me,
          tgw_xom
D:8:      layout_basic, kennysheep_generic_room_5, uniq_erica, uniq_maurice
Temple:   compressed_dpeg_triangle_lava_temple

Skill      XL: |  1  2  3  4  5  6  7  8  9 |
---------------+----------------------------+-----
Spellcasting   | 3 4 5 6 8 10 | 10.4
Dodging        | |  2.1
Stealth        | |  1.5

Action                     |  1- 3 |  4- 6 |  7- 9 | 10-12 || total
---------------------------+-------+-------+-------+-------++-------
  Melee: Unarmed           |     2 |       |       |       ||     2
         Short sword       |     7 |       |       |       ||     7
         Staff             |       |       |     5 |       ||     5
   Cast: Sting             |    20 |     1 |       |       ||    21
         Poisonous Vapours |     3 |     1 |     5 |       ||     9
         Shock             |    33 |   112 |    50 |       ||   195
         Mephitic Cloud    |       |     1 |    11 |       ||    12
         Searing Ray       |       |     4 |    35 |       ||    39
         Vampiric Draining |       |       |     4 |       ||     4
         Olgreb's Toxic Ra |       |       |    10 |     1 ||    11
         Cause Fear        |       |       |     1 |       ||     1
 Invoke: Curse Item        |       |       |     1 |       ||     1
    Use: Scroll            |       |     5 |     9 |     1 ||    15
         Potion            |       |       |     3 |       ||     3
   Stab: Confused          |       |       |     2 |       ||     2
 Armour: Robe              |     1 |     1 |    13 |       ||    15
  Dodge: Dodged            |    15 |    14 |    29 |     1 ||    59
